Map: Abyssal Reef LE

Players

BackupB (xKawaiian) - Winner!

  • Race: Terran Terran
  • Spawn Location: 11:00

AdminB

  • Race: Terran Terran
  • Spawn Location: 5:00

Event: WCS Montreal 2017

VOD

Have the link to the VOD?

Description

Time

  • Played on: Sept. 8, 2017, 11:53 a.m.
  • Length: 9:00

All games in this series

Show
View Real Time Build Order
Export as new Build Order

BackupB Terran - Winner!

Build Orders: 1/1/1, Cyclone Opening, MMM Bio 

Get SALT Encoding   

  12  0:01  SCV  
  13  0:13  SCV  
  14  0:18  Supply Depot  
  14  0:25  SCV  
  15  0:29  Refinery  
  15  0:39  SCV  
  16  0:45  Barracks  
  16  0:51  SCV  
  16  0:55  Refinery  
  17  1:03  SCV  
  18  1:15  SCV  
  19  1:32  Orbital Command  
  19  1:33  Reaper  
  19  1:39  Factory  
  20  1:49  Supply Depot  
  20  1:58  SCV  
  21  2:05  Reaper  
  22  2:10  SCV  
  22  2:22  SCV  
  22  2:23  Starport  
  22  2:25  Hellion  
  25  2:35  SCV  
  26  2:38  Barracks Tech Lab  
  26  2:40  Supply Depot  
  26  2:47  SCV  
  26  2:49  Cyclone  
  30  2:59  SCV  
  31  3:09  Supply Depot  
  31  3:11  Cloaking Field  
  32  3:14  Banshee  
  34  3:20  SCV  
  35  3:33  Factory Tech Lab  
  35  3:34  Marine, SCV  
  37  3:50  Command Center  
  37  3:58  Banshee  
  37  4:00  SCV  
  41  4:05  Engineering Bay  
  41  4:06  Marine  
  42  4:16  SCV  
  46  4:28  SCV  
  47  4:32  Missile Turret  
  47  4:36  Marine, Widow Mine  
  47  4:43  Missile Turret  
  47  5:02  Viking, Marine  
  47  5:05  Siege Tank  
  47  5:07  Orbital Command  
  50  5:32  Barracks Reactor  
  49  5:36  Barracks  
  49  5:37  Barracks  
  49  5:39  SCV  
  50  5:43  SCV  
  48  5:57  SCV  
  49  5:59  SCV  
  49  6:01  Refinery  
  49  6:02  Factory Tech Lab, Refinery  
  50  6:05  Starport Reactor  
  50  6:07  Marine  
  50  6:08  Marine  
  50  6:09  SCV  
  53  6:11  SCV  
  53  6:16  Terran Infantry Weapons Level 1  
  54  6:21  SCV  
  54  6:22  Siege Tank  
  54  6:23  SCV  
  59  6:33  Marine x2, SCV  
  62  6:40  SCV  
  62  6:46  Combat Shields  
  62  6:47  Stimpack  
  62  6:49  Supply Depot  
  62  6:50  Supply Depot  
  62  7:02  Supply Depot  
  62  7:10  Medivac, Marine x2, SCV, Siege Tank  
  62  7:12  SCV  
  62  7:13  Medivac, Marine x2  
  75  7:22  SCV  
  74  7:25  SCV  
  74  7:28  Marine  
  73  7:34  SCV  
  73  7:35  Marine x3  
  77  7:37  SCV  
  77  7:40  Medivac  
  77  7:42  Siege Tank  
  77  7:43  Medivac  
  85  7:45  Marine  
  86  7:56  Supply Depot  
  86  7:57  Supply Depot  
  86  8:18  Medivac, Marine x4  
  92  8:21  Supply Depot x2, Command Center  
  92  8:31  SCV  
  93  8:35  Marine  
  93  8:39  Marine x2  
  93  8:40  SCV  
Show
View Real Time Build Order
Export as new Build Order

AdminB Terran 

Build Orders: 1/1/1, Cyclone Opening 

Get SALT Encoding   

  12  0:00  SCV  
  13  0:12  SCV  
  14  0:17  Supply Depot  
  14  0:25  SCV  
  14  0:28  Refinery  
  15  0:38  SCV  
  16  0:46  Barracks  
  16  0:50  SCV  
  16  0:57  Refinery  
  17  1:03  SCV  
  18  1:15  SCV  
  20  1:33  Orbital Command, Reaper  
  20  1:38  Factory  
  20  1:47  Supply Depot  
  20  2:00  SCV  
  21  2:12  SCV  
  21  2:15  Barracks Tech Lab  
  22  2:16  Reaper  
  22  2:22  Cyclone  
  26  2:25  Starport  
  26  2:28  SCV  
  27  2:35  Supply Depot  
  27  2:40  SCV  
  28  2:48  Barracks Tech Lab  
  28  2:53  SCV  
  29  3:00  Hellion  
  29  3:05  SCV  
  32  3:17  SCV  
  33  3:29  Command Center, Banshee  
  36  3:34  Cloaking Field  
  36  3:38  SCV  
  37  3:43  Factory Tech Lab, Barracks Reactor  
  37  3:47  Supply Depot  
  35  4:04  Barracks  
  35  4:06  Engineering Bay  
  35  4:10  Siege Tank  
  38  4:18  Marine  
  38  4:19  Marine  
  38  4:20  SCV  
  38  4:22  Raven  
  42  4:33  Missile Turret  
  42  4:36  Marine x2  
  42  4:47  SCV  
  42  4:54  Marine  
  42  4:59  SCV  
  43  5:09  Barracks Tech Lab  
  43  5:10  Barracks Reactor  
  43  5:11  SCV  
  43  5:18  Supply Depot  
  40  5:24  SCV  
  37  5:36  SCV  
  37  5:38  Missile Turret  
  37  5:42  Terran Infantry Weapons Level 1  
  38  5:44  Barracks  
  38  5:48  SCV  
  37  5:50  Orbital Command  
  34  5:59  Marine x2  
  34  6:00  SCV  
  37  6:11  Siege Tank  
  40  6:12  SCV  
  40  6:16  SCV  
  42  6:20  Marine  
  42  6:24  Marine, SCV  
  45  6:28  SCV  
  46  6:38  Marine  
  46  6:41  Marine, SCV  
  48  6:47  SCV  
  48  6:51  Barracks Reactor, Stimpack  
  48  6:53  SCV  
  49  6:56  Marine  
  49  6:59  Marine, SCV  
  50  7:07  SCV  
  50  7:12  SCV  
  49  7:17  Marine x2  
  49  7:19  SCV  
  52  7:25  SCV  
  53  7:31  SCV  
  53  7:35  Marine  
  53  7:36  Marine x3  
  58  7:37  SCV  
  58  7:38  Marine  
  58  7:43  SCV  
  61  7:50  Medivac  
  62  7:52  Supply Depot  
  62  8:13  Marine x3  
  62  8:14  Medivac, Siege Tank  
  62  8:17  Supply Depot  
  70  8:27  Marine  
  70  8:28  Marine  
  70  8:31  Marine x3  
  70  8:33  SCV x2  
Tags
 
Add a new tag
Caveats
  • Supply blocks, unpowered buildings, or Contaminate may cause inaccurate times.
  • Supply counts are checked every 10 seconds.